 Dungeon Crawl Stone Soup version 0.27-a0-661-gca034ae587 (webtiles) character file.

Game seed: 15871998178470398982

34 JoanKharjo the Vexing (level 3, 0/26 HPs)
             Began as a Human Arcane Marksman on Mar 17, 2021.
             Succumbed to an adder's poison
             ... on level 2 of the Dungeon.
             The game lasted 00:03:08 (1794 turns).

JoanKharjo the Vexing (Human Arcane Marksman)       Turns: 1794, Time: 00:03:08

Health: 0/26       AC:  2    Str: 11    XL:     3   Next: 50%
Magic:  3/4        EV: 12    Int: 13    God:
Gold:   44         SH:  0    Dex: 13    Spells: 1/4 levels left

rFire    . . .     SeeInvis .   a - +0 shortbow
rCold    . . .     Faith    .   (shield currently unavailable)
rNeg     . . .     Spirit   .   e - +0 robe
rPois    +         Reflect  .   (no helmet)
rElec    .         Harm     .   (no cloak)
rCorr    .         Rampage  .   (no gloves)
Will     +....                  (no boots)
Stlth    +.........             (no amulet)
HPRegen  0.08/turn              h - ring of willpower
MPRegen  0.09/turn              P - ring of poison resistance

@: lethally poisoned (0 -> -9), attractive
A: no striking features
a: no special abilities


You were on level 2 of the Dungeon.
You visited 1 branch of the dungeon, and saw 2 of its levels.

You collected 44 gold pieces.

Inventory:

Hand Weapons
 a - a +0 shortbow (weapon)
 g - a +0 hunting sling
 k - a +0 short sword
Missiles
 f - 18 arrows (quivered ammo)
 Q - 15 stones
Armour
 e - a +0 robe (worn)
Jewellery
 h - a ring of willpower (right hand)
 P - a ring of poison resistance (left hand)
Scrolls
 b - 2 scrolls of amnesia {unknown}
 d - 4 scrolls of teleportation {unknown}
 i - a scroll of magic mapping {unknown}
 j - 2 scrolls of identify {unknown}


   Skills:
 - Level 1.0 Fighting
 * Level 3.2 Bows
 - Level 2.0 Dodging
 - Level 1.0 Spellcasting
 + Level 3.4 Hexes


You had one spell level left.
You knew the following spells:

 Your Spells              Type           Power      Damage    Failure   Level
s - Slow                  Hex            9%         N/A       11%         2
v - Corona                Hex            10%        N/A       7%          1

Your spell library contained the following spells:

 Spells                   Type           Power      Damage    Failure   Level
 Inner Flame              Hex/Fire       5%         N/A       38%         3
 Portal Projectile        Hex/Tloc       10%        N/A       38%         3
 Cause Fear               Hex            4%         N/A       56%         4
 Leda's Liquefaction      Hex/Erth       2%         N/A       80%         4


Dungeon Overview and Level Annotations

Branches:
Dungeon (2/15)

Altars:


Message History

You are too injured to fight recklessly!
You are too injured to fight recklessly!
You are too injured to fight recklessly!
Unknown command.
Fire: 16 stones
Aim: an adder (lightly wounded, softly glowing, 56% to hit)
You shoot a stone. The stone barely misses the adder.
The adder stops glowing.
The adder bites you.
* * * LOW HITPOINT WARNING * * *
The adder bites you.
* * * LOW HITPOINT WARNING * * *
You take 5 damage, and have 11/26 hp.
Unknown command.
It was a potion of attraction.
You feel attractive to monsters.
You feel sick. The adder misses you.
You take 1 damage, and have 10/26 hp.
k - a +0 short sword (weapon)
The adder bites you.
* * * LOW HITPOINT WARNING * * *
You are lethally poisoned!
The adder poisons you!
You take 3 damage, and have 7/26 hp.
Unknown command.
a - a +0 shortbow (weapon)
Fire: 20 arrows
Aim: an adder (lightly wounded, 38% to hit)
You shoot an arrow. The arrow closely misses the adder.
* * * LOW HITPOINT WARNING * * *
You feel sick. The adder bites you.
* * * LOW HITPOINT WARNING * * *
The adder bites you.
* * * LOW HITPOINT WARNING * * *
You take 6 damage, and have 1/26 hp.
MASSIVE DAMAGE!!
Unknown command.
Fire: 19 arrows
Aim: an adder (lightly wounded, 38% to hit)
You shoot an arrow. The arrow hits the adder!
You die...

(...# ....# ## .. ....#
#. .. ...#### ##. .#
##....# ####... .# ##
#####.####......#.###...
...>........####........
........................
.............##.@S.(...(
.............###........
†.......................
..............##........
..............#####.....
..............# #....
.....#..[...### ....
..####...#### ... .....


You could see an adder.

Levels and vault maps discovered:
D:1:      kennysheep_arrival_forest, layout_loops_ring, serial_park_tiny_2
D:2:      layout_rooms

Notes
Turn   | Place    | Note
-------+----------+-------------------------------------------
     0 | D:1      | JoanKharjo the Human Arcane Marksman began the quest for
                  | the Orb.
     0 | D:1      | Reached XP level 1. HP: 15/15 MP: 2/2
     9 | D:1      | Identified a +0 dagger
    32 | D:1      | Identified a +0 dagger
   247 | D:1      | Reached XP level 2. HP: 11/21 MP: 0/3
   250 | D:1      | Learned a level 2 spell: Slow
   730 | D:1      | Reached XP level 3. HP: 26/26 MP: 4/4
   773 | D:1      | Reached skill level 3 in Bows
  1121 | D:1      | Identified a +0 club
  1161 | D:1      | Identified a +0 leather armour
  1195 | D:1      | Identified a +0 hunting sling
  1200 | D:1      | Identified a +0 club
  1314 | D:1      | Identified a +0 whip
  1319 | D:1      | Identified a ring of willpower
  1329 | D:1      | Identified a +0 ring mail
  1538 | D:1      | Identified a ring of poison resistance
  1610 | D:1      | Identified a +0 ring mail
  1703 | D:1      | Identified a +0 short sword
  1790 | D:2      | Identified a potion of attraction
  1792 | D:2      | Identified a +0 shortbow
  1793 | D:2      | HP: 6/26 [poisoned by an adder]
  1793 | D:2      | HP: 2/26 [adder (4)]
  1794 | D:2      | Succumbed to an adder's poison

Table legend: (Time is in decaauts)
 A = Elapsed time spent in this place.
 B = Non-inter-level travel time spent in this place.
 C = Inter-level travel time spent in this place.
 D = Time resting spent in this place.
 E = Time spent auto-exploring this place.
 F = Levels seen in this place.
 G = Mean time per level.
                   A        B        C        D        E       F      G
               +--------+--------+--------+--------+--------+-----+--------+
         Total |   1793 |   1685 |    108 |      0 |   1397 |   2 |  896.5 |
       Dungeon |   1793 |   1685 |    108 |      0 |   1397 |   2 |  896.5 |
               +--------+--------+--------+--------+--------+-----+--------+

Top non-repeatable levels by time:
     D:1: 1748 daAuts
     D:2: 44 daAuts

Table legend:
 A = Kills in this place as a percentage of kills in entire the game.
 B = Kills by you in this place as a percentage of kills by you in the entire game.
 C = Kills by friends in this place as a percentage of kills by friends in the entire game.
 D = Other kills in this place as a percentage of other kills in the entire game.
 E = Experience gained in this place as a percentage of experience gained in the entire game.
 F = Experience gained in this place divided by the number of levels of this place that you have seen.
                   A       B       C       D       E      F
               +-------+-------+-------+-------+-------+----------------------
         Total | 100.0 | 100.0 |   N/A |   N/A | 100.0 |  24.5
       Dungeon | 100.0 | 100.0 |   N/A |   N/A | 100.0 |  24.5
               +-------+-------+-------+-------+-------+----------------------

Skill      XL: |  1  2  3 |
---------------+----------+-----
Bows           | 3 |  3.2
Fighting       | |  1.0
Dodging        | |  2.0
Spellcasting   | |  1.0
Hexes          | |  3.4

Action                   || total
-------------------------++-------
Melee: Dagger            ||   140
 Fire: Hunting sling     ||    12
       Shortbow          ||     2
 Cast: Corona            ||    11
  Use: Potion            ||     1
 Stab: Sleeping          ||     2
Armor: Robe              ||    41
Dodge: Dodged            ||   104

Vanquished Creatures
  3 dart slugs (D:1)
  3 leopard geckos (D:1)
  5 bats (D:1)
  3 giant cockroaches (D:1)
  A goblin (D:1)
  3 hobgoblins
  2 kobolds (D:1)
  A frilled lizard (D:1)
  2 rats (D:1)
23 creatures vanquished.
